 Dungeon Crawl Stone Soup version bcrawl-1.13.2 (webtiles) character file.

Game seed: 2358697715171067759

134 Felnil the Shield-Bearer (level 4, 0/28 HPs)
             Began as a Skeleton Fighter on Aug 11, 2019.
             Slain by a gnoll
             ... wielding a +0 halberd
              (8 damage)
             ... on level 3 of the Dungeon.
             The game lasted 00:05:14 (2983 turns).

Felnil the Shield-Bearer (Skeleton Fighter)         Turns: 2983, Time: 00:05:14

Health: 0/28       AC:  7    Str: 22 (23) XL:     4   Next: 95%
Magic:  0/4        EV:  8    Int:  6 (7)  God:
Gold:   149        SH: 14    Dex:  7 (8)  Spells: 3/3 levels left

rFire    . . .     SeeInvis .   a - +0 war axe
rCold    + . .     Gourm    .   c - +0 shield
rNeg     + + +     Faith    .   b - +0 scale mail
rPois    ∞         Spirit   +   (no helmet)
rElec    .         Reflect  +   (no cloak)
rCorr    .         Harm     .   (no gloves)
MR       .....                  (no boots)
Stlth    ++........             g - +5 amulet of reflection
HPRegen  0.09/turn              i - ring of stealth
MPRegen  0.09/turn              (no ring)

@: no status effects
A: no food or potions, cold resistance 1, deterioration 1, negative energy
resistance 3, torment resistance, unbreathing, magic shield, sturdy frame 1,
spell healing
a: no special abilities


You were on level 3 of the Dungeon.
You were not hungry.

You visited 1 branch of the dungeon, and saw 3 of its levels.

You collected 149 gold pieces.

Inventory:

Hand Weapons
 a - a +0 war axe (weapon)
Armour
 b - a +0 scale mail (worn)
 c - a +0 shield (worn)
Jewellery
 g - a +5 amulet of reflection (around neck)
 i - a ring of stealth (left hand)
Scrolls
 d - 5 scrolls of remove curse {unknown}
 e - a scroll of immolation {unknown}
 f - 2 scrolls of blinking {unknown}
 h - a scroll of teleportation {unknown}
 j - a scroll of identify {unknown}


   Skills:
 + Level 3.4 Fighting
 + Level 3.9 Axes
 + Level 4.1 Armour
 + Level 0.9 Dodging
 + Level 0.3 Stealth
 + Level 4.6 Shields


You had 3 spell levels left.
You didn't know any spells.
Your spell library was empty.

Dungeon Overview and Level Annotations

Branches:
Dungeon (3/12)

Altars:
The Shining One


Innate Abilities, Weirdness & Mutations

You do not eat or drink.
You are immune to poison.
Your flesh is cold resistant. (rC+)
Your body sometimes deteriorates upon taking damage.
You are immune to negative energy. (rN+++)
You are immune to unholy pain and torment.
You can survive without breathing.
When hurt, damage is shared between your health and your magic reserves.
Your movements are slightly less encumbered by armour. (ER -2)
Casting spells heals you.


Message History

You hit the gnoll.
You kill the gnoll!
The gnoll completely misses you. You block the gnoll's attack.
The gnoll hits you from afar with a +0 halberd.
Your body deteriorates!
You feel dopey. The gnoll hits you.
Your body deteriorates!
You feel clumsy.
You are too injured to fight recklessly!
You are too injured to fight recklessly!
You are too injured to fight recklessly!
You are too injured to fight recklessly!
You hit the gnoll.
You kill the gnoll!
You block the gnoll's attack.
The gnoll hits you from afar with a +0 halberd.
The gnoll hits you from afar with a +0 spear.
* * * LOW HITPOINT WARNING * * *
Your body deteriorates!
You feel weakened. The gnoll hits you with a +0 halberd!
You die...

#.#..##..# ##.#######
#.#..##..# ..........
#.#..##..# #.......#
#.#..###.# #.......#
###.#......# #.......#
....##.###.# #.......#
....^..###.## #).)|...#
##..........###gg.....#
................@######
##..........###..#
##########.# #..#
#.###..# #..##..#
##.##..# #..#..#####
##........# #.#(.##.##


You could see 2 gnolls.

Vanquished Creatures
  An orc wizard (D:3)
  Crazy Yiuf (D:2)
  2 gnolls (D:3)
  A worm (D:2)
  5 leopard geckos
  4 orcs
  2 giant cockroaches
  4 goblins
  3 hobgoblins
  4 jackals (D:1)
  6 kobolds
  A ball python (D:2)
  4 bats
  4 frilled lizards
  6 rats
48 creatures vanquished.

Notes
Turn   | Place    | Note
-------+----------+-------------------------------------------
     0 | D:1      | Felnil the Skeleton Fighter began the quest for the Orb.
     0 | D:1      | Reached XP level 1. HP: 14/14 MP: 1/1
     2 | D:1      | Noticed a vine stalker
     2 | D:1      | Noticed a minotaur
     4 | D:1      | Noticed a gargoyle
     4 | D:1      | Noticed a spriggan
     6 | D:1      | Noticed a naga
     6 | D:1      | Noticed a vampire
     8 | D:1      | Noticed a demigod
     8 | D:1      | Noticed a dwarf
    10 | D:1      | Noticed a draconian
    12 | D:1      | Noticed a felid
    12 | D:1      | Noticed a ghoul
    14 | D:1      | Noticed a formicid
    14 | D:1      | Noticed a demonspawn
    16 | D:1      | Noticed a human
    16 | D:1      | Noticed a centaur
    18 | D:1      | Noticed an octopode
    18 | D:1      | Noticed a troll
    20 | D:1      | Noticed an elf
    24 | D:1      | Noticed a merfolk
    24 | D:1      | Noticed an ogre
    26 | D:1      | Noticed a tengu
    26 | D:1      | Noticed a halfling
   878 | D:1      | Reached XP level 2. HP: 19/19 MP: 2/2
  1790 | D:2      | Reached XP level 3. HP: 22/23 MP: 3/3
  1924 | D:2      | Found a glowing golden altar of the Shining One.
  2492 | D:2      | Found a runed door.
  2758 | D:2      | Noticed Crazy Yiuf
  2763 | D:2      | Killed Crazy Yiuf
  2763 | D:2      | Reached XP level 4. HP: 28/28 MP: 4/4
  2983 | D:3      | Slain by a gnoll

Skill      XL: |  1  2  3 |
---------------+----------+-----
Axes           | 3 |  3.9
Shields        | 4 |  4.6
Armour         | 4 |  4.1
Fighting       | |  3.4
Dodging        | |  0.9
Stealth        | |  0.3

Action                   |  1- 3 |  4- 6 || total
-------------------------+-------+-------++-------
Melee: War axe           |   155 |    15 ||   170
 Stab: Sleeping          |     1 |     1 ||     2
Armor: Scale mail        |    67 |     7 ||    74
Dodge: Dodged            |    52 |     5 ||    57
Block: Shield            |    96 |    18 ||   114
       Reflection        |       |     3 ||     3
